 Dungeon Crawl Stone Soup version 0.26-a0-663-g36e8fdb655 (webtiles) character file.

Game seed: 16246655249002300257

6327 Gargoyl the Fighter (level 10, -6/82 HPs)
             Began as a Gnoll Abyssal Knight on Oct 11, 2020.
             Was a Priest of Lugonu.
             Mangled by a yak (10 damage)
             ... on level 9 of the Dungeon.
             The game lasted 00:13:40 (11649 turns).

Gargoyl the Fighter (Gnoll Abyssal Knight)         Turns: 11649, Time: 00:13:41

Health: -6/82      AC: 13    Str: 18    XL:     10   Next: 95%
Magic:  27/27      EV: 11    Int: 16    God:    Lugonu [***...]
Gold:   1030       SH:  0    Dex: 15    Spells: 20/20 levels left

rFire    . . .     SeeInvis .   y - +2 great sword (elec) (curse)
rCold    . . .     Faith    .   (shield currently unavailable)
rNeg     . . .     Spirit   .   x - +0 chain mail
rPois    .         Reflect  .   q - +0 helmet
rElec    .         Harm     .   i - +1 cloak
rCorr    .         Rampage  .   (no gloves)
MR       .....                  c - +2 pair of boots
Stlth    ..........             (no amulet)
HPRegen  0.23/turn              g - ring of flight
MPRegen  0.20/turn              p - ring of magical power

@: no status effects
A: distributed training, fangs 1, clever 1, deformed body, strong nose
a: Depart the Abyss, Bend Space, Banish, Renounce Religion, Evoke Flight


You were on level 9 of the Dungeon.
You worshipped Lugonu.
Lugonu was most pleased with you.
You visited 1 branch of the dungeon, and saw 10 of its levels.
You visited the Abyss 1 time.

You collected 1030 gold pieces.

Inventory:

Hand Weapons
 a - a +2 hand axe
 h - a cursed +0 war axe
 y - a cursed +2 great sword of electrocution (weapon)
Missiles
 v - 50 poisoned darts (quivered)
Armour
 c - a +2 pair of boots (worn)
 i - a +1 cloak (worn)
 q - a +0 helmet (worn)
 s - a +0 kite shield
 x - a +0 chain mail (worn)
Jewellery
 g - a ring of flight (left hand)
 p - a ring of magical power (right hand)
Wands
 f - a wand of iceblast (24)
 r - a wand of acid (9)
 C - a wand of polymorph (9)
Scrolls
 b - 6 scrolls of teleportation
 d - 6 scrolls of remove curse
 k - 3 scrolls of blinking
 w - 3 scrolls of identify
Potions
 e - a potion of might
 j - a potion of cancellation
 l - a potion of degeneration {unknown}
 m - 2 potions of curing
 n - a potion of haste {unknown}
 o - 2 potions of ambrosia
 u - a potion of heal wounds {unknown}
 z - a potion of magic {unknown}
 A - 2 potions of brilliance {unknown}
 B - a potion of flight {unknown}
 D - a potion of mutation


   Skills:
 + Level 8.8 Fighting
 + Level 5.7 Short Blades
 + Level 5.7 Long Blades
 + Level 7.4 Axes
 + Level 5.7 Maces & Flails
 + Level 5.7 Polearms
 + Level 5.7 Staves
 + Level 5.7 Slings
 + Level 5.7 Bows
 + Level 5.7 Crossbows
 + Level 5.7 Throwing
 + Level 7.4 Armour
 + Level 6.3 Dodging
 + Level 5.7 Stealth
 + Level 5.7 Shields
 + Level 5.7 Unarmed Combat
 + Level 5.7 Spellcasting
 + Level 4.7 Conjurations
 + Level 4.7 Hexes
 + Level 4.7 Summonings
 + Level 4.7 Necromancy
 + Level 4.7 Translocations
 + Level 4.7 Transmutations
 + Level 4.7 Fire Magic
 + Level 4.7 Ice Magic
 + Level 4.7 Air Magic
 + Level 4.7 Earth Magic
 + Level 4.7 Poison Magic
 + Level 7.9 Invocations
 + Level 5.7 Evocations


You had 20 spell levels left.
You didn't know any spells.
Your spell library contained the following spells:

 Spells                   Type           Power        Failure   Level
 Animate Skeleton         Necr           ###...       21%         1
 Apportation              Tloc           ###...       21%         1
 Corona                   Hex            ###....      21%         1
 Foxfire                  Conj/Fire      ###.         21%         1
 Magic Dart               Conj           ###.         21%         1
 Summon Small Mammal      Summ           ###.         21%         1
 Blink                    Tloc           N/A          30%         2
 Call Imp                 Summ           ###.....     30%         2
 Slow                     Hex            ###.....     30%         2
 Conjure Flame            Conj/Fire      ###.....     52%         3
 Inner Flame              Hex/Fire       ###.....     52%         3
 Mephitic Cloud           Conj/Pois/Air  ###.....     52%         3
 Sticky Flame             Conj/Fire      ###.....     90%         4
 Fireball                 Conj/Fire      ###.......   99%         5


Dungeon Overview and Level Annotations

Branches:
Dungeon (10/15)            Temple (0/1) D:7            Lair (0/6) D:10
    Orc (0/2) D:10

Altars:
Ashenzari
Hepliaklqana
Makhleb
Nemelex Xobeh
Sif Muna
Trog
Uskayaw
Wu Jian
Yredelemnul
The Shining One

Shops:
D:6 }

Annotations:
Abyss:1 Duvessa


Innate Abilities, Weirdness & Mutations

Your experience applies equally to all skills.
You have very sharp teeth.
Your uncanny sense of smell can sniff out nearby items.
Your mind is acute. (Int +2)
Armour fits poorly on your strangely shaped body.


Message History

The yak closely misses you.
You slash the yak! Lightning courses through the yak!
You kill the yak!
Lugonu accepts your kill. The yak gores you.
* * * LOW HITPOINT WARNING * * *
You completely miss the yak.
The yak is lightly wounded.
The yak gores you!
* * * LOW HITPOINT WARNING * * *
You slash the yak! Lightning courses through the yak!
The yak is heavily wounded.
The yak gores you.
* * * LOW HITPOINT WARNING * * *
You hit the yak but do no damage.
The yak is heavily wounded.
The yak gores you.
* * * LOW HITPOINT WARNING * * *
The yak gores you!
You die...

####### ......#
###### #####.#
#÷Y@.# #.# #)##.#
#####.########.##.#
###
..#.............#.#
###########..
#.....########..#.#
#........##.#
#.....# #..#.#
#.######.#...
#.....# #..#.# #.#
####..#.# ......#
#....#
#.###.......#
###.### ##.###
#.##.>.#..###


You could see a yak.

Vanquished Creatures
  A two-headed ogre (D:9)
  An elephant (D:9)
  A centaur skeleton (D:8)
  A wyvern (D:9)
  5 yaks
  2 basilisks
  3 sky beasts
  2 black bears
  2 orc warriors
  2 eyes of draining (D:9)
  2 ice beasts (D:9)
  5 ogres
  2 centaurs
  3 bullfrogs
  A big kobold (D:9)
  Blork the orc (D:6)
  A water moccasin zombie (D:7)
  A wyvern skeleton (D:9)
  2 water moccasin skeletons
  A scorpion (D:4)
  Dowan (D:7)
  3 killer bees (D:7)
  4 wights (D:8)
  2 howler monkeys (D:8)
  A lava snake (D:7)
  A bullfrog zombie (D:5)
  A hound (D:7)
  3 orc wizards
  2 quasits
  2 orc priests
  A jelly (D:9)
  3 iguanas
  6 worker ants
  A killer bee zombie (D:9)
  A hound zombie (D:8)
  A hound skeleton (D:6)
  A howler monkey zombie (D:5)
  A worker ant zombie (D:7)
  11 gnolls
  13 adders
  A shadow imp (D:10)
  3 white imps
  2 ufetubi
  2 oozes
  An adder skeleton (D:6)
  2 worms (D:2)
  5 dart slugs
  5 leopard geckos
  20 orcs
  A ball python (D:3)
  6 bats
  4 giant cockroaches
  6 goblins
  6 hobgoblins
  14 jackals
  A quokka (D:2)
  2 frilled lizards (D:3)
  2 gnoll zombies (D:8)
  8 kobolds
  A leopard gecko zombie (D:5)
  5 rats
195 creatures vanquished.

Notes
Turn   | Place    | Note
-------+----------+-------------------------------------------
     0 | Abyss:1  | Gargoyl the Gnoll Abyssal Knight began the quest for the
                  | Orb.
     0 | Abyss:1  | Reached XP level 1. HP: 23/23 MP: 3/3
    39 | Abyss:1  | Found a corrupted altar of Lugonu.
    84 | Abyss:1  | Noticed a spatial vortex
    94 | Abyss:1  | Noticed a neqoxec
   109 | D:1      | Escaped the Abyss
   673 | D:1      | Reached XP level 2. HP: 25/29 MP: 5/5
   785 | D:1      | Reached * piety under Lugonu
   991 | D:2      | Found an ornate altar of the Wu Jian Council.
   992 | D:2      | Found a hazy altar of Hepliaklqana.
  1063 | D:2      | Found a sparkling altar of Nemelex Xobeh.
  1218 | D:2      | Found a sparkling altar of Nemelex Xobeh.
  1226 | D:2      | Reached XP level 3. HP: 34/35 MP: 6/6
  1658 | D:2      | Reached skill level 1 in Short Blades
  1658 | D:2      | Reached skill level 1 in Long Blades
  1658 | D:2      | Reached skill level 1 in Maces & Flails
  1658 | D:2      | Reached skill level 1 in Polearms
  1658 | D:2      | Reached skill level 1 in Staves
  1658 | D:2      | Reached skill level 1 in Slings
  1658 | D:2      | Reached skill level 1 in Bows
  1658 | D:2      | Reached skill level 1 in Crossbows
  1658 | D:2      | Reached skill level 1 in Throwing
  1658 | D:2      | Reached skill level 1 in Stealth
  1658 | D:2      | Reached skill level 1 in Shields
  1658 | D:2      | Reached skill level 1 in Unarmed Combat
  1658 | D:2      | Reached skill level 1 in Spellcasting
  1658 | D:2      | Reached skill level 1 in Evocations
  1880 | D:3      | Found a broken altar of Ashenzari.
  1895 | D:3      | Reached XP level 4. HP: 41/41 MP: 7/7
  1945 | D:3      | Reached ** piety under Lugonu
  1945 | D:3      | Reached skill level 1 in Conjurations
  1945 | D:3      | Reached skill level 1 in Hexes
  1945 | D:3      | Reached skill level 1 in Summonings
  1945 | D:3      | Reached skill level 1 in Necromancy
  1945 | D:3      | Reached skill level 1 in Translocations
  1945 | D:3      | Reached skill level 1 in Transmutations
  1945 | D:3      | Reached skill level 1 in Fire Magic
  1945 | D:3      | Reached skill level 1 in Ice Magic
  1945 | D:3      | Reached skill level 1 in Air Magic
  1945 | D:3      | Reached skill level 1 in Earth Magic
  1945 | D:3      | Reached skill level 1 in Poison Magic
  1981 | D:3      | Reached XP level 5. HP: 11/47 MP: 8/8
  2652 | D:3      | Found a shimmering blue altar of Sif Muna.
  3055 | D:4      | Found a burning altar of Makhleb.
  3064 | D:4      | Noticed an Executioner
  3123 | D:4      | Noticed an ogre
  3131 | D:4      | Killed an ogre
  3131 | D:4      | Reached skill level 5 in Invocations
  3131 | D:4      | Reached XP level 6. HP: 53/53 MP: 9/9
  3198 | D:4      | Reached skill level 5 in Axes
  3198 | D:4      | Reached skill level 5 in Armour
  3501 | D:5      | Entered Level 5 of the Dungeon
  3535 | D:5      | Found a glowing golden altar of the Shining One.
  3697 | D:5      | Noticed a sky beast
  3721 | D:5      | Killed a sky beast
  3721 | D:5      | Reached skill level 7 in Fighting
  3721 | D:5      | Reached XP level 7. HP: 18/60 MP: 10/10
  4445 | D:5      | Noticed a +0 hand axe
  4446 | D:5      | Noticed a +0 hand axe
  4447 | D:5      | Found a hide-covered altar of Uskayaw.
  5191 | D:5      | Reached XP level 8. HP: 50/67 MP: 12/12
  5396 | D:6      | Reached *** piety under Lugonu
  5817 | D:6      | Noticed Blork the orc
  5829 | D:6      | Killed Blork the orc
  6152 | D:6      | Found Yhipheni's Gadget Shop.
  6190 | D:7      | Identified a scroll of acquirement
  6190 | D:7      | Acquired 654 gold pieces
  6494 | D:7      | HP: 3/67 [killer bee (4)]
  6505 | D:7      | Reached XP level 9. HP: 7/73 MP: 14/14
  6838 | D:7      | Found a staircase to the Ecumenical Temple.
  6912 | D:7      | Noticed Duvessa
  6922 | D:7      | Noticed Dowan
  6936 | D:7      | Killed Dowan
  6941 | D:7      | Banished Duvessa
  7539 | D:8      | Reached skill level 5 in Dodging
  7792 | D:8      | Gained mutation: Armour fits poorly on your strangely
                  | shaped body. [potion of mutation]
  7792 | D:8      | Gained mutation: Your mind is acute. (Int +2) [potion of
                  | mutation]
  7812 | D:8      | Reached skill level 8 in Fighting
  7872 | D:8      | Found a basalt altar of Yredelemnul.
  9325 | D:9      | Found a bloodstained altar of Trog.
  9351 | D:9      | Reached XP level 10. HP: 70/80 MP: 17/17
  9470 | D:9      | Noticed a two-headed ogre
  9479 | D:9      | Killed a two-headed ogre
  9479 | D:9      | Reached skill level 5 in Short Blades
  9479 | D:9      | Reached skill level 5 in Long Blades
  9479 | D:9      | Reached skill level 5 in Maces & Flails
  9479 | D:9      | Reached skill level 5 in Polearms
  9479 | D:9      | Reached skill level 5 in Staves
  9479 | D:9      | Reached skill level 5 in Slings
  9479 | D:9      | Reached skill level 5 in Bows
  9479 | D:9      | Reached skill level 5 in Crossbows
  9479 | D:9      | Reached skill level 5 in Throwing
  9479 | D:9      | Reached skill level 5 in Stealth
  9479 | D:9      | Reached skill level 5 in Shields
  9479 | D:9      | Reached skill level 5 in Unarmed Combat
  9479 | D:9      | Reached skill level 5 in Spellcasting
  9479 | D:9      | Reached skill level 5 in Evocations
 10508 | D:10     | Entered Level 10 of the Dungeon
 10508 | D:10     | Noticed an elephant
 10526 | D:9      | Killed an elephant
 11163 | D:10     | Found a staircase to the Lair.
 11204 | D:10     | Found a staircase to the Orcish Mines.
 11231 | D:9      | Reached **** piety under Lugonu
 11649 | D:9      | HP: 4/82 [yak (3)]
 11649 | D:9      | Mangled by a yak

Illustrated notes

Levels and vault maps discovered:
D:1:      heliophobic_arrival_ceremonial_halls, layout_basic,
          serial_park_tiny_pond
D:2:      layout_loops_ring, nicolae_overflow_hidden_temple,
          nicolae_overflow_crystal_walls, nemelex_spade_bored_becter
D:3:      layout_rooms, overflow_temple_1_default, lemuel_round_altar,
          minmay_pentomino_pile
D:4:      layout_cave_pools, makhleb_altar_promises_db
D:5:      layout_loops_ring, lemuel_round_altar, dancing_weapons_uskayaw
D:6:      layout_rooms, serial_shops, kennysheep_little_box, uniq_blork_the_orc
D:7:      layout_rooms, temple_hall, enter_ossuary_3, kennysheep_potato,
          uniq_duvessa
D:8:      layout_cave_pods, lemuel_zombie_altar_yredelemnul
D:9:      layout_loops_corners, lemuel_crystal_altar
D:10:     layout_rooms, david_lair_generic, orc_0_dummy

Skill      XL: |  1  2  3  4  5  6  7  8  9 10 |
---------------+-------------------------------+-----
Short Blades   | 1 2 3 4 5 |  5.7
Long Blades    | 1 2 3 4 5 |  5.7
Maces & Flails | 1 2 3 4 5 |  5.7
Polearms       | 1 2 3 4 5 |  5.7
Staves         | 1 2 3 4 5 |  5.7
Slings         | 1 2 3 4 5 |  5.7
Bows           | 1 2 3 4 5 |  5.7
Crossbows      | 1 2 3 4 5 |  5.7
Throwing       | 1 2 3 4 5 |  5.7
Stealth        | 1 2 3 4 5 |  5.7
Shields        | 1 2 3 4 5 |  5.7
Unarmed Combat | 1 2 3 4 5 |  5.7
Spellcasting   | 1 2 3 4 5 |  5.7
Evocations     | 1 2 3 4 5 |  5.7
Conjurations   | 1 2 3 4 |  4.7
Hexes          | 1 2 3 4 |  4.7
Summonings     | 1 2 3 4 |  4.7
Necromancy     | 1 2 3 4 |  4.7
Translocations | 1 2 3 4 |  4.7
Transmutations | 1 2 3 4 |  4.7
Fire Magic     | 1 2 3 4 |  4.7
Ice Magic      | 1 2 3 4 |  4.7
Air Magic      | 1 2 3 4 |  4.7
Earth Magic    | 1 2 3 4 |  4.7
Poison Magic   | 1 2 3 4 |  4.7
Dodging        | 3 4 5 6 |  6.3
Invocations    | 5 6 7 |  7.9
Axes           | 5 6 7 |  7.4
Armour         | 5 6 7 |  7.4
Fighting       | 7 8 |  8.8

Action                   |  1- 3 |  4- 6 |  7- 9 | 10-12 || total
-------------------------+-------+-------+-------+-------++-------
Melee: Hand axe          |    92 |   165 |   445 |       ||   702
       Bite              |    11 |    16 |    70 |     9 ||   106
       Great sword       |       |       |    26 |   100 ||   126
Throw: Javelin           |       |       |     9 |     3 ||    12
Invok: Depart the Abyss  |     1 |       |       |       ||     1
       Bend Space        |       |       |     1 |       ||     1
       Banish            |       |       |     8 |       ||     8
Evoke: Wand              |       |     3 |       |       ||     3
  Use: Scroll            |     3 |     6 |     9 |       ||    18
       Potion            |       |     3 |     7 |       ||    10
 Stab: Sleeping          |     3 |       |       |       ||     3
Armor: Leather armour    |    32 |       |       |       ||    32
       Ring mail         |     7 |    70 |    84 |       ||   161
       Chain mail        |       |       |   219 |    98 ||   317
       Skin              |       |       |     6 |       ||     6
Dodge: Dodged            |    72 |    89 |   219 |    73 ||   453
Block: Kite shield       |       |    15 |   279 |       ||   294
       Rpst.: Great sword |       |       |     3 |    22 ||    25

Table legend: (Time is in decaauts)
 A = Elapsed time spent in this place.
 B = Non-inter-level travel time spent in this place.
 C = Inter-level travel time spent in this place.
 D = Time resting spent in this place.
 E = Time spent auto-exploring this place.
 F = Levels seen in this place.
 G = Mean time per level.
                   A        B        C        D        E       F      G
               +--------+--------+--------+--------+--------+-----+--------+
         Total |  11791 |  11533 |    258 |   3929 |   5449 |  11 | 1071.9 |
       Dungeon |  11682 |  11424 |    258 |   3929 |   5392 |  10 | 1168.2 |
         Abyss |    109 |    109 |      0 |      0 |     57 |   1 |  109.0 |
               +--------+--------+--------+--------+--------+-----+--------+

Top non-repeatable levels by time:
     D:9: 2327 daAuts
     D:8: 1666 daAuts
     D:5: 1597 daAuts
     D:7: 1360 daAuts
     D:2: 965 daAuts
     D:4: 934 daAuts
     D:6: 913 daAuts
     D:3: 902 daAuts
     D:1: 810 daAuts
    D:10: 204 daAuts
 Abyss:1: 109 daAuts
